Map: Galactic Process LE

Players

PtitDrogo

  • Race: Protoss Protoss

Polt - Winner!

  • Race: Terran Terran

Event: 2016 WCS Summer Circuit Championship (DH Montreal)

VOD

https://www.youtube.com/watch?v=9PLLdaspX7E

Description

Time

  • Played on: Aug. 13, 2016, 8:31 p.m.
  • Length: 20:06

All games in this series

Show
View Real Time Build Order
Export as new Build Order

PtitDrogo Protoss 

Build Orders: 1 Gate Expand, Oracle Opening 

Get SALT Encoding   

  12  0:00  Probe (Chrono Boost)  
  13  0:11  Probe (Chrono Boost)  
  14  0:18  Pylon  
  14  0:22  Probe (Chrono Boost)  
  15  0:36  Probe (Chrono Boost), Gateway  
  16  0:47  Probe (Chrono Boost)  
  16  0:48  Assimilator  
  17  0:57  Probe (Chrono Boost)  
  18  1:08  Probe (Chrono Boost)  
  19  1:20  Nexus  
  19  1:30  Cybernetics Core  
  20  1:32  Probe (Chrono Boost)  
  20  1:38  Assimilator  
  20  1:43  Probe (Chrono Boost)  
  21  1:50  Pylon  
  21  1:54  Probe (Chrono Boost)  
  22  2:04  Adept  
  22  2:05  Probe (Chrono Boost)  
  25  2:17  Probe (Chrono Boost)  
  25  2:18  Stargate  
  26  2:29  Probe (Chrono Boost)  
  27  2:32  Probe (Chrono Boost)  
  28  2:41  Probe (Chrono Boost)  
  28  2:43  Mothership Core (Chrono Boost)  
  31  2:50  Adept  
  33  2:51  Probe (Chrono Boost)  
  34  3:01  Probe (Chrono Boost)  
  34  3:02  Probe (Chrono Boost), Pylon  
  36  3:12  Probe (Chrono Boost)  
  36  3:13  Probe (Chrono Boost)  
  36  3:17  Oracle  
  38  3:22  Probe (Chrono Boost)  
  38  3:25  Probe (Chrono Boost), Warp Gate  
  43  3:33  Probe (Chrono Boost)  
  42  3:37  Probe (Chrono Boost)  
  42  3:38  Gateway x2  
  43  3:43  Probe (Chrono Boost)  
  45  3:49  Probe (Chrono Boost)  
  45  3:51  Oracle, Pylon  
  45  3:54  Probe (Chrono Boost)  
  46  4:01  Probe (Chrono Boost)  
  50  4:04  Probe (Chrono Boost)  
  51  4:13  Probe (Chrono Boost)  
  51  4:15  Probe (Chrono Boost), Nexus  
  53  4:26  Probe (Chrono Boost)  
  54  4:32  Probe (Chrono Boost)  
  54  4:35  Assimilator  
  54  4:37  Assimilator  
  54  4:38  Probe (Chrono Boost)  
  56  4:41  Sentry x2, Adept  
  62  4:46  Pylon x2  
  62  4:54  Pylon  
  62  5:00  Probe (Chrono Boost)  
  62  5:05  Probe (Chrono Boost)  
  63  5:11  Probe (Chrono Boost), Twilight Council  
  63  5:12  Forge  
  64  5:18  Probe (Chrono Boost)  
  65  5:21  Probe (Chrono Boost)  
  65  5:27  Stalker x3  
  73  5:29  Probe (Chrono Boost)  
  73  5:30  Probe (Chrono Boost)  
  73  5:32  Probe (Chrono Boost)  
  75  5:40  Probe (Chrono Boost)  
  75  5:42  Probe x2 (Chrono Boost)  
  78  5:44  Blink  
  78  5:45  Protoss Ground Weapons Level 1  
  75  5:51  Stalker x3  
  75  5:55  Probe x2 (Chrono Boost)  
  80  5:58  Pylon  
  80  6:00  Probe (Chrono Boost)  
  81  6:05  Photon Cannon  
  81  6:06  Probe (Chrono Boost)  
  81  6:07  Probe (Chrono Boost)  
  81  6:08  Photon Cannon  
  81  6:09  Photon Cannon  
  84  6:12  Probe (Chrono Boost)  
  84  6:14  Adept x3  
  84  6:16  Probe (Chrono Boost)  
  92  6:19  Probe (Chrono Boost)  
  92  6:21  Pylon  
  92  6:24  Probe (Chrono Boost)  
  92  6:25  Pylon  
  93  6:35  Robotics Facility  
  94  6:41  Probe (Chrono Boost), Assimilator, Pylon  
  94  6:42  Assimilator  
  94  6:45  Stalker, Pylon  
  94  6:46  Stalker x2  
  100  6:53  Oracle  
  103  7:01  Probe (Chrono Boost)  
  106  7:02  Probe (Chrono Boost), Gateway  
  106  7:03  Probe (Chrono Boost), Gateway  
  106  7:04  Gateway  
  106  7:07  Photon Cannon  
  106  7:15  Adept x3  
  112  7:20  Pylon  
  112  7:24  Observer  
  113  7:30  Protoss Ground Armor Level 1, Robotics Bay  
  113  7:36  Gateway  
  113  7:37  Gateway  
  113  7:40  Warp Prism  
  113  7:43  Resonating Glaives  
  115  7:56  Fleet Beacon, Phoenix  
  115  7:57  Stargate  
  114  8:06  Adept x6  
  114  8:12  Disruptor  
  126  8:17  Pylon  
  129  8:35  Tempest  
  129  8:37  Adept x3, Tempest  
  129  8:38  Adept  
  141  8:47  Disruptor  
  148  9:02  Adept x4  
  156  9:05  Nexus  
  156  9:07  Pylon  
  156  9:09  Pylon  
  156  9:10  Pylon  
  156  9:13  Pylon  
  156  9:19  Tempest x2  
  156  9:28  Disruptor  
  156  9:30  Probe (Chrono Boost)  
  165  9:32  Assimilator  
  165  9:34  Assimilator  
  160  10:01  Tempest x2  
  154  10:08  Disruptor  
  161  10:14  Protoss Ground Armor Level 2  
  161  10:17  Photon Cannon  
  161  10:20  Photon Cannon  
  161  10:30  Adept x6  
  171  10:37  Pylon  
  171  10:40  Colossus  
  166  11:03  Tempest  
  161  11:07  Tempest  
  161  11:10  Nexus  
  169  11:26  Colossus  
  175  11:41  Tempest  
  177  11:48  Oracle  
  180  11:57  Probe (Chrono Boost)  
  181  12:02  Assimilator  
  181  12:03  Adept  
  181  12:06  Pylon  
  183  12:18  Tempest  
  183  12:19  Protoss Ground Weapons Level 2, Templar Archives  
  183  12:22  Tempest  
  181  12:26  Adept x5  
  181  12:29  Photon Cannon  
  199  12:31  Photon Cannon  
  199  12:40  Forge  
  197  13:01  Stalker  
  199  13:27  Protoss Ground Armor Level 3  
  192  13:39  Stalker x3  
  198  13:42  Psionic Storm  
  198  14:09  Tempest x2  
  185  14:13  Stalker x5  
  185  14:14  Stalker  
  140  14:42  Colossus  
  126  14:49  Stalker x6  
  126  14:52  Tempest x2  
  99  15:30  Colossus, High Templar x3  
  99  15:31  High Templar x3  
  113  15:36  Protoss Ground Weapons Level 3  
  113  15:37  Mothership Core (Chrono Boost)  
  119  15:50  Nexus  
  119  16:03  Adept x4  
  127  16:16  Colossus  
  129  16:43  Pylon  
  129  16:45  Pylon  
  129  16:47  Assimilator  
  129  16:51  High Templar x2  
  129  16:52  High Templar x4, Assimilator  
  129  16:53  Tempest  
  141  16:55  Archon  
  141  16:58  Archon x2  
  141  16:59  Pylon  
  137  17:07  Pylon  
  137  17:24  Stalker x6  
  137  17:27  Protoss Shields Level 1  
  149  17:31  Colossus  
  149  17:38  Pylon  
  149  17:43  Tempest  
  159  17:48  Nexus  
  159  17:49  Photon Cannon  
  159  17:50  Pylon  
  159  17:52  Adept x3  
  161  18:07  Adept x3  
  130  18:27  Tempest x2  
  130  18:32  Adept x3  
  132  19:01  Adept x4  
  132  19:02  Adept  
  97  19:42  Adept x2  
  97  19:43  Adept x3  
Show
View Real Time Build Order
Export as new Build Order

Polt Terran - Winner!

Build Orders: MMM Bio 

Get SALT Encoding   

  12  0:00  SCV  
  13  0:12  SCV  
  14  0:17  Supply Depot  
  14  0:25  SCV  
  15  0:38  SCV  
  15  0:39  Barracks  
  16  0:43  Refinery  
  16  0:50  SCV  
  17  1:02  SCV  
  18  1:15  SCV  
  19  1:25  Barracks Reactor  
  19  1:27  Orbital Command  
  19  1:44  Command Center  
  19  1:52  SCV  
  20  1:55  Supply Depot  
  20  2:02  Reaper  
  20  2:04  SCV  
  22  2:08  Barracks  
  22  2:17  SCV  
  22  2:20  Engineering Bay  
  23  2:29  SCV  
  24  2:32  Factory  
  24  2:38  Marine x2  
  24  2:42  SCV  
  27  2:44  Refinery  
  26  2:54  SCV  
  26  2:57  Marine x2  
  29  3:01  Barracks Tech Lab  
  29  3:06  SCV  
  30  3:14  Orbital Command  
  30  3:17  Marine x2  
  30  3:18  Widow Mine, SCV  
  35  3:26  Starport  
  35  3:30  SCV  
  36  3:38  Stimpack  
  36  3:40  SCV  
  37  3:42  Marine x3, SCV  
  41  3:52  SCV  
  41  3:54  Supply Depot  
  41  3:55  Supply Depot, SCV  
  43  3:59  Factory Reactor  
  43  4:03  Medivac  
  43  4:05  SCV  
  46  4:15  Engineering Bay, Marine x3, SCV  
  50  4:17  Supply Depot  
  50  4:22  SCV  
  51  4:27  SCV  
  52  4:33  Marine x3  
  55  4:39  SCV  
  55  4:40  SCV  
  55  4:41  Medivac x2  
  55  4:43  Supply Depot  
  61  4:46  Missile Turret  
  61  4:50  Widow Mine  
  61  4:51  SCV  
  61  4:52  SCV  
  65  4:56  Marine x3  
  68  5:03  SCV  
  68  5:04  SCV  
  68  5:05  Missile Turret  
  69  5:09  Supply Depot  
  69  5:11  Refinery  
  69  5:24  Marine x3  
  69  5:26  Command Center  
  72  5:29  SCV x2  
  74  5:36  Refinery  
  74  5:41  Barracks  
  74  5:43  Barracks  
  74  5:44  Liberator x2  
  74  5:46  Marine x3  
  77  6:01  Terran Infantry Weapons Level 1  
  77  6:02  Widow Mine  
  77  6:03  Barracks  
  85  6:05  SCV  
  86  6:12  Barracks  
  86  6:13  Barracks  
  86  6:14  Barracks, SCV  
  87  6:20  Supply Depot x2  
  87  6:22  SCV  
  88  6:26  SCV  
  85  6:35  SCV  
  85  6:38  SCV  
  85  6:39  Orbital Command  
  87  6:49  SCV  
  87  6:50  SCV  
  89  7:01  Marauder  
  91  7:03  Barracks Tech Lab  
  91  7:04  Barracks Tech Lab, Barracks Reactor, Marine x2  
  91  7:05  Starport, Fusion Core  
  91  7:07  SCV x2  
  91  7:08  Liberator, SCV  
  96  7:09  Liberator  
  96  7:10  Refinery x2  
  96  7:19  SCV  
  96  7:20  SCV x2  
  99  7:24  Supply Depot  
  99  7:25  Supply Depot  
  99  7:27  Missile Turret  
  105  7:32  SCV x3  
  108  7:38  Supply Depot  
  108  7:44  Missile Turret, Starport Tech Lab  
  108  7:45  Marauder x2  
  108  7:47  Marauder  
  108  7:50  Supply Depot  
  114  7:52  SCV x3  
  114  7:53  Liberator x2  
  114  7:54  Liberator  
  117  8:06  Marauder  
  117  8:07  Marauder  
  117  8:09  Marauder  
  117  8:11  Supply Depot  
  132  8:14  Advanced Ballistics  
  130  8:26  Missile Turret  
  130  8:28  Supply Depot  
  130  8:29  Supply Depot  
  130  8:32  Marine, Marauder x3  
  130  8:33  Concussive Shells, Marine x3  
  138  8:36  Liberator x2  
  138  8:37  Liberator  
  138  8:39  Supply Depot  
  138  8:42  Supply Depot x2  
  147  8:57  Marine x4, Marauder x3  
  147  8:58  Combat Shields  
  157  9:08  Terran Infantry Armor Level 1  
  157  9:09  Command Center  
  157  9:18  Marine x4, Marauder x2  
  157  9:19  Liberator x2, Marauder  
  157  9:22  Liberator  
  166  9:34  Barracks x2  
  166  9:35  Barracks  
  175  9:50  Marine x2, Marauder x3  
  181  9:54  Marine x2  
  176  10:03  SCV x3  
  171  10:19  Marine x4, Marauder x3  
  181  10:21  Medivac x2  
  181  10:24  Medivac  
  177  10:48  Marine x4, Marauder x3  
  187  10:50  Barracks Tech Lab x2  
  187  10:51  Barracks Reactor  
  184  10:58  Viking x3  
  184  11:09  Engineering Bay  
  184  11:10  Armory  
  176  11:29  Viking x3  
  171  12:01  Planetary Fortress  
  171  12:06  Viking  
  171  12:07  Viking x2  
  171  12:08  Terran Infantry Weapons Level 2, Terran Infantry Armor Level 2  
  177  12:09  Terran Ship Weapons Level 1  
  177  12:11  Starport  
  177  12:22  Marine x11  
  187  12:28  Sensor Tower, SCV x2  
  190  12:30  Liberator x2  
  190  12:31  SCV  
  190  12:34  Liberator  
  191  12:49  Starport Reactor  
  199  13:12  Command Center  
  198  13:13  Command Center, Refinery  
  198  13:15  Refinery  
  189  13:41  Viking  
  189  13:42  Viking x4  
  198  14:06  Marine x4  
  198  14:07  Marine x7  
  178  14:15  Viking x4  
  178  14:16  Viking  
  165  14:20  Terran Ship Weapons Level 2  
  161  14:27  Orbital Command x2  
  161  14:28  Liberator x3  
  161  14:29  Liberator  
  139  14:34  Liberator  
  139  14:38  Marine x8  
  131  14:40  Marauder x3  
  121  15:03  Marauder x5  
  124  15:17  Marine x6  
  120  15:23  Orbital Command  
  120  15:28  Medivac x3  
  124  15:44  Marauder x4  
  132  15:51  Marine x2, Marauder  
  132  15:52  Marine x2  
  132  15:55  Marine  
  132  15:56  Marine  
  140  15:58  Liberator x2  
  140  15:59  Liberator x3  
  140  16:02  Terran Infantry Weapons Level 3, Sensor Tower  
  154  16:26  Marauder x4  
  154  16:27  Marauder  
  154  16:31  Marine x6  
  167  16:52  Marine x2, Marauder x4  
  167  16:53  Marine x4, Marauder  
  183  16:56  Command Center, Refinery x2  
  182  17:09  Viking x4  
  182  17:11  Viking  
  191  17:23  Terran Ship Weapons Level 3  
  180  18:15  Viking x5  
  180  18:18  Marine x6  
  180  18:19  Marine x5  
  174  18:50  Viking  
  174  18:51  Viking x4  
Tags
 
Add a new tag
Caveats
  • Supply blocks, unpowered buildings, or Contaminate may cause inaccurate times.
  • Supply counts are checked every 10 seconds.